AoeStats
← O grande

Arabia

508834265Analyzed
1v1 RM · 7d ago on Sep 24, 2026· 38m 21s· 2 players
Game mode
Random Map
Map size
Tiny (2 player)
Population
200
Speed
Normal
Resources
Standard
Victory
Conquest
Starting age
Dark Age
Ending age
Imperial Age
RankedLock teamsTeams togetherTeam positionsShared explorationLock speedFull tech treeHidden civsTurbo modeCheats
Victory
Defeat
🇫🇷 Burgundians · France
2313
+8
🇧🇷 Bulgarians · Brazil
2122
-8
O grande
6:58 Loom
8:34 Loom
10:38 Feudal Age
11:30 Double-Bit Axe
15:15 Fletching
22:44 Castle Age
21:52 Horse Collar
22:59 Scale Mail Armor
23:33 Bodkin Arrow
24:12 Chain Mail Armor
25:38 Guard Tower
30:15 Forging
30:08 Squires
29:54 Arson
32:27 Scale Barding Armor
33:55 Chain Barding Armor
36:23 Iron Casting
Leonidas
3:27 Double-Bit Axe
5:50 Loom
7:23 Horse Collar
13:32 Feudal Age
14:35 Heavy Plow
15:03 Town Watch
20:41 Castle Age
19:09 Fletching
20:05 Bow Saw
20:38 Stone Mining
21:28 Wheelbarrow
23:51 Two-Man Saw
25:11 Bodkin Arrow
36:04 Scale Barding Armor
39:09 Hand Cart
39:26 Crop Rotation
Connection lost

Rejoining the realm…

Still unreachable

The connection could not be restored.

Session expired

The server has moved on; the page needs a fresh start.